 Dungeon Crawl Stone Soup version 0.28.0-43-g3370ac3207 (webtiles) character file.

Game seed: 2012231131434991349

182 Ablot the Grasshopper (level 5, -2/43 HPs)
             Began as a Gnoll Warper on Mar 28, 2022.
             Slain by an orc
             ... wielding a +0 club
              (3 damage)
             ... on level 4 of the Dungeon.
             The game lasted 00:04:34 (3561 turns).

Ablot the Grasshopper (Gnoll Warper)                Turns: 3561, Time: 00:04:37

Health: -2/43      AC:  6    Str: 11 (12) XL:     5   Next: 61%
Magic:  12/12      EV: 12    Int: 10 (13) God:
Gold:   41         SH:  0    Dex:  9 (11) Spells: 12/14 levels left

rFire   . . .      SeeInvis .   t - +0 dagger (venom)
rCold   . . .      Faith    .   (no shield)
rNeg    + . .      Spirit   .   b - +0 leather armour
rPois   .          Reflect  .   r - +0 helmet
rElec   .          Harm     .   q - +0 cloak
rCorr   .          Rampage  .   (no gloves)
Will    .....                   o - +0 pair of boots
Stlth   +.........              (no amulet)
HPRegen 0.14/turn               k - ring of positive energy
MPRegen 0.13/turn               (no ring)

@: brilliant
A: fangs 1, strong nose, distributed training
a: no special abilities


You were on level 4 of the Dungeon.
You visited 1 branch of the dungeon, and saw 4 of its levels.

You collected 95 gold pieces.
You spent 54 gold pieces at shops.

Inventory:

Hand Weapons
 a - a +0 spear
 t - a +0 dagger of venom (weapon)
Missiles
 d - 5 boomerangs of dispersal
 g - 5 boomerangs (quivered)
 m - 183 stones
 p - 49 arrows
 B - 32 bolts
Armour
 b - a +0 leather armour (worn)
 o - a +0 pair of boots (worn)
 q - a +0 cloak (worn)
 r - a +0 helmet (worn)
Jewellery
 k - a ring of positive energy (left hand)
Wands
 h - a wand of flame (17)
 j - a wand of paralysis (7)
 u - a wand of mindburst (8)
 x - a wand of acid (2)
Scrolls
 c - 2 scrolls of blinking
 e - 4 scrolls of teleportation {unknown}
 f - a scroll of vulnerability {unknown}
 i - a scroll of summoning {unknown}
 l - 9 scrolls of identify {unknown}
 s - 3 scrolls of amnesia {unknown}
 w - a scroll of fog {unknown}
 y - a scroll of enchant armour {unknown}


   Skills:
 + Level 4.8 Fighting
 + Level 1.5 Short Blades
 + Level 1.5 Long Blades
 + Level 1.5 Axes
 + Level 1.5 Maces & Flails
 + Level 4.8 Polearms
 + Level 1.5 Staves
 + Level 1.5 Slings
 + Level 1.5 Bows
 + Level 1.5 Crossbows
 + Level 3.0 Throwing
 + Level 3.0 Armour
 + Level 4.8 Dodging
 + Level 1.5 Stealth
 + Level 1.5 Shields
 + Level 1.5 Unarmed Combat
 + Level 5.2 Spellcasting
 + Level 1.2 Conjurations
 + Level 1.2 Hexes
 + Level 1.2 Summonings
 + Level 1.2 Necromancy
 + Level 5.5 Translocations
 + Level 1.2 Transmutations
 + Level 1.2 Fire Magic
 + Level 1.2 Ice Magic
 + Level 1.2 Air Magic
 + Level 1.2 Earth Magic
 + Level 1.2 Poison Magic
 + Level 1.7 Invocations
 + Level 1.5 Evocations


You had 12 spell levels left.
You knew the following spells:

 Your Spells              Type           Power      Damage    Failure   Level
a - Blink                 Tloc           40%        N/A       4%          2

Your spell library contained the following spells:

 Spells                   Type           Power      Damage    Failure   Level
 Gell's Gravitas          Tloc           20%        N/A       9%          3
 Lesser Beckoning         Tloc           20%        N/A       9%          3
 Teleport Other           Tloc           20%        N/A       9%          3
 Magic Dart               Conj           28%        1d4       17%         1
 Summon Small Mammal      Summ           28%        N/A       17%         1
 Call Imp                 Summ           7%         N/A       26%         2
 Call Canine Familiar     Summ           7%         N/A       45%         3
 Mephitic Cloud           Conj/Pois/Air  7%         N/A       45%         3
 Summon Guardian Golem    Hex/Summ       7%         N/A       45%         3
 Manifold Assault         Tloc           20%        N/A       63%         5


Dungeon Overview and Level Annotations

Branches:
Dungeon (4/15)
 Temple: D:4-7

Altars:

Shops:
D:1 ?*(*

Annotations:
D:4 1 runed translucent door, exclusion: player ghost, dangdung's ghost, amateur OpTm


Innate Abilities, Weirdness & Mutations

You have very sharp teeth.
Your uncanny sense of smell can sniff out nearby items.
Your experience applies equally to all skills.


Message History

* * * LOW HITPOINT WARNING * * *
You feel very sick. Something hits you but does no damage.
It was a potion of curing.
You feel better. Something hits you.
You are poisoned.
You hit something.
You feel sick.
You hear some strange, mumbled words.
A magic dart appears from out of thin air!
The magic dart hits you.
* * * LOW HITPOINT WARNING * * *
You barely miss something.
You feel sick. Something hits you.
* * * LOW HITPOINT WARNING * * *
You hit something but do no damage.
* * * LOW HITPOINT WARNING * * *
You feel sick.
Reactivating autopickup.
You feel a bit more experienced.
It was a potion of brilliance.
You feel clever all of a sudden.
* * * LOW HITPOINT WARNING * * *
You feel sick. The orc barely misses you.
It was a potion of degeneration.
There was something very wrong with that liquid.
You feel weakened.
You feel dopey.
You feel clumsy.
* * * LOW HITPOINT WARNING * * *
You feel sick. The orc hits you but does no damage.
It was a potion of magic.
Magic courses through your body.
* * * LOW HITPOINT WARNING * * *
You feel sick. The orc misses you.
Unknown command.
You closely miss the orc.
* * * LOW HITPOINT WARNING * * *
You feel sick. The orc hits you but does no damage.
You hit the orc.
The orc is poisoned.
The orc is moderately wounded.
* * * LOW HITPOINT WARNING * * *
You feel sick.
You are no longer poisoned.
The orc hits you with a +0 club.
You die...

#......# ###. .#......#
.# #. ........# #.# #.
#......# #.# #. #.....o#
##.### #. #......# #....#
#. #......# #>...# ##.
#......#######....#####..
####..)o@.........#......
#.>..#########....#.#####
#..### #.†....# ..
#.....## . #.....#
#.##### ...# ..### ..#


You could see an orc (very poisoned).

Vanquished Creatures
  2 orc wizards (D:4)
  4 adders
  An ufetubus (D:4)
  An adder skeleton (D:2)
  2 worms
  2 dart slugs (D:3)
  4 orcs (D:4)
  4 ball pythons
  7 endoplasms
  3 giant cockroaches
  11 goblins
  5 hobgoblins
  A jackal (D:2)
  2 quokkas
  5 bats
  A frilled lizard (D:3)
  A jackal skeleton (D:4)
  8 kobolds
  11 rats
75 creatures vanquished.

Vanquished Creatures (others)
  2 withered plants (D:4)
2 creatures vanquished.

Grand Total: 77 creatures vanquished

Notes
Turn   | Place    | Note
-------+----------+-------------------------------------------
     0 | D:1      | Ablot the Gnoll Warper began the quest for the Orb.
     0 | D:1      | Reached XP level 1. HP: 20/20 MP: 6/6
     7 | D:1      | Found Zuru's Antique Weapon Shop.
    73 | D:1      | Found Vippior's Assorted Antiques.
   161 | D:1      | Found a faded altar of an unknown god.
   454 | D:1      | Reached XP level 2. HP: 23/26 MP: 7/7
   457 | D:1      | Learned a level 2 spell: Blink
   518 | D:1      | Found Yhenoz's Assorted Antiques.
   535 | D:1      | Bought a scroll labelled ESIET JATAOS for 18 gold pieces
   641 | D:1      | Found Oggop's Magic Scroll Shop.
  1288 | D:2      | Reached XP level 3. HP: 30/31 MP: 9/9
  1299 | D:2      | Reached skill level 5 in Spellcasting
  1911 | D:2      | Reached skill level 1 in Invocations
  1952 | D:2      | Reached skill level 1 in Short Blades
  1952 | D:2      | Reached skill level 1 in Long Blades
  1952 | D:2      | Reached skill level 1 in Axes
  1952 | D:2      | Reached skill level 1 in Maces & Flails
  1952 | D:2      | Reached skill level 1 in Staves
  1952 | D:2      | Reached skill level 1 in Slings
  1952 | D:2      | Reached skill level 1 in Bows
  1952 | D:2      | Reached skill level 1 in Crossbows
  1952 | D:2      | Reached skill level 1 in Stealth
  1952 | D:2      | Reached skill level 1 in Shields
  1952 | D:2      | Reached skill level 1 in Unarmed Combat
  1952 | D:2      | Reached skill level 1 in Evocations
  2292 | D:2      | Reached XP level 4. HP: 37/38 MP: 11/11
  2389 | D:1      | Bought a scroll labelled NECONG GONAL for 18 gold pieces
  2389 | D:1      | Bought a scroll labelled MENNUUCANK for 18 gold pieces
  2912 | D:3      | Reached skill level 1 in Conjurations
  2912 | D:3      | Reached skill level 1 in Hexes
  2912 | D:3      | Reached skill level 1 in Summonings
  2912 | D:3      | Reached skill level 1 in Necromancy
  2912 | D:3      | Reached skill level 1 in Transmutations
  2912 | D:3      | Reached skill level 1 in Fire Magic
  2912 | D:3      | Reached skill level 1 in Ice Magic
  2912 | D:3      | Reached skill level 1 in Air Magic
  2912 | D:3      | Reached skill level 1 in Earth Magic
  2912 | D:3      | Reached skill level 1 in Poison Magic
  3300 | D:4      | Noticed dangdung's ghost (amateur OpTm)
  3300 | D:4      | Found a runed translucent door.
  3486 | D:4      | Reached XP level 5. HP: 43/43 MP: 12/12
  3559 | D:4      | HP: 2/43 [poisoned by an orc wizard]
  3561 | D:4      | Slain by an orc

Illustrated notes

Levels and vault maps discovered:
D:1:      dpeg_arrival_ratfight, layout_basic, serial_shops, shop, shop,
          nicolae_shop_hallway_plus, nicolae_shop_waterfront,
          hellmonk_ecumenical_altar_lost_god, grunt_decor_junction
D:2:      minmay_recursive_quarters, layout_loops_corners,
          minmay_misc_feat_diagonals
D:3:      layout_loops_ring
D:4:      layout_rooms, gammafunk_ghost_grave

Skill      XL: |  1  2  3  4  5 |
---------------+----------------+-----
Spellcasting   | 5 |  5.2
Invocations    | 1 |  1.7
Short Blades   | 1 |  1.5
Long Blades    | 1 |  1.5
Axes           | 1 |  1.5
Maces & Flails | 1 |  1.5
Staves         | 1 |  1.5
Slings         | 1 |  1.5
Bows           | 1 |  1.5
Crossbows      | 1 |  1.5
Stealth        | 1 |  1.5
Shields        | 1 |  1.5
Unarmed Combat | 1 |  1.5
Evocations     | 1 |  1.5
Conjurations   | 1 |  1.2
Hexes          | 1 |  1.2
Summonings     | 1 |  1.2
Necromancy     | 1 |  1.2
Transmutations | 1 |  1.2
Fire Magic     | 1 |  1.2
Ice Magic      | 1 |  1.2
Air Magic      | 1 |  1.2
Earth Magic    | 1 |  1.2
Poison Magic   | 1 |  1.2
Throwing       | 3 |  3.0
Armour         | 3 |  3.0
Fighting       | |  4.8
Polearms       | |  4.8
Dodging        | |  4.8
Translocations | |  5.5

Action                   |  1- 3 |  4- 6 || total
-------------------------+-------+-------++-------
Melee: Spear             |   140 |    19 ||   159
       Bite              |     8 |    12 ||    20
       Punch             |     6 |     7 ||    13
       Dagger            |       |   128 ||   128
Throw: Boomerang         |       |     1 ||     1
  Use: Potion            |       |     4 ||     4
 Stab: Sleeping          |     2 |     2 ||     4
Armor: Leather armour    |    30 |    40 ||    70
Dodge: Dodged            |    49 |    71 ||   120
